 Dungeon Sprint DCSS version 0.29.1-2-gbd0b4ee654 (webtiles) character file.

Game seed: 3549086605863748598

15267 Zeld the Executioner (level 11, -25/104 HPs)
             Began as a Minotaur Berserker on Oct 25, 2022.
             Was the Champion of Trog.
             Killed from afar by a fire giant (30 damage)
             ... with a bolt of fire
             ... in the Dungeon (Sprint I: "Red Sonja").
             The game lasted 00:08:20 (4426 turns).

Zeld the Executioner (Minotaur Berserker)           Turns: 4426, Time: 00:08:22

Health: -25/104    AC: 12    Str: 24    XL:     11   Next: 99%
Magic:  3/3        EV: 16    Int:  4    God:    Trog [******]
Gold:   107        SH:  0    Dex:  8    Spells: 10/10 levels left

rFire   . . .      SeeInvis +   a - +3 executioner's axe (antimagic)
rCold   . . .      Faith    .   (shield currently unavailable)
rNeg    . . .      Spirit   .   b - +2 troll leather armour
rPois   +          Reflect  .   (helmet restricted)
rElec   .          Harm     .   n - +2 cloak {rPois}
rCorr   .          Rampage  .   (no gloves)
Will    .....      Rage     3%  (no boots)
Stlth   +......... NoTele   +   (no amulet)
HPRegen 1.07/turn               y - ring of see invisible
MPRegen 0.08/turn               (no ring)

@: on berserk cooldown, slowed, glowing, unable to read, very slow
A: horns 2, retaliatory headbutt, berserk 1, clumsy 1, frail 1, screaming 1,
weak 1, subdued magic 3, inability to read after injury 2, devolution 1
a: Renounce Religion, Berserk, Trog's Hand, Brothers in Arms


You were in the Dungeon.
You worshipped Trog.
Trog was exalted by your worship.
You visited 1 branch You collected 2826 gold pieces.
You spent 2719 gold pieces at shops.

Inventory:

Hand Weapons
 a - a +3 antimagic executioner's axe (weapon)
Armour
 b - a +2 troll leather armour (worn)
 n - a +2 cloak of poison resistance (worn)
Jewellery
 y - a ring of see invisible (left hand)
Wands
 i - a wand of polymorph (1)
Scrolls
 h - 2 scrolls of blinking
 k - a scroll of silence
 p - a scroll of magic mapping
 r - a scroll of butterflies {unknown}
 s - 2 scrolls of vulnerability {unknown}
 t - 3 scrolls of poison
Potions
 c - 8 potions of curing
 d - 8 potions of heal wounds
 e - 2 potions of haste
 f - 2 potions of magic
 g - a potion of berserk rage
 j - a potion of lignification {unknown}
 l - a potion of attraction {unknown}
 q - a potion of degeneration {unknown}
 u - a potion of resistance
 v - 4 potions of mutation
 w - a potion of invisibility
 x - 2 potions of ambrosia
 z - a potion of might {unknown}
 A - a potion of cancellation {unknown}


   Skills:
 + Level 16.8 Fighting
 * Level 22.7 Axes
 + Level 16.6 Armour
 + Level 15.3 Dodging


You had 10 spell levels left.
You didn't know any spells.
Your spell library was empty.

Dungeon Overview and Level Annotations

Branches:
Dungeon (1/1)

Altars:
Cheibriados
Dithmenos
Elyvilon
Fedhas
Gozag
Hepliaklqana
Kikubaaqudgha
Makhleb
Nemelex Xobeh
Okawaru
Qazlal
Ru
Sif Muna
Trog
Uskayaw
Vehumet
Wu Jian
Xom
Yredelemnul
Zin
The Shining One
Jiyva
Lugonu

Shops:
D (([*:?*!![:[=*?(*!:[=


Innate Abilities, Weirdness & Mutations

You have a pair of horns on your head.
You reflexively headbutt those who attack you in melee.
You sometimes lose your temper in combat.
You are clumsy. (Dex -2)
You are frail. (-10% HP)
You occasionally shout uncontrollably at your foes.
You are weak. (Str -2)
Your spells are much easier to cast, but much less powerful.
You sometimes lose the ability to read scrolls when taking damage.
You have hidden genetic defects.


Message History

You barely miss the fire giant.
The fire giant is moderately wounded.
You slice the fire giant!!
The fire giant's magic leaks into the air.
You headbutt the fire giant, but do no damage.
The fire giant is heavily wounded.
The fire giant hits you with a +0 great sword of flaming!!
* * * LOW HITPOINT WARNING * * *
The fire giant burns you.
* * * LOW HITPOINT WARNING * * *
You slice the fire giant like a ripe choko!!!
The fire giant's magic leaks into the air.
You headbutt the fire giant!
The fire giant is almost dead.
The fire giant completely misses you.
Unknown command.
You slice the fire giant!!
You kill the fire giant!
Trog accepts your kill.
Trog appreciates your killing of a magic user.
Trog grants you a weapon! Something appears at your feet!
You see here a +2 broad axe.
Unknown command.
You start resting.
You feel a strong urge to attack something.
You start resting.
You are no longer berserk.
You are exhausted.
You feel yourself slow down.
You start resting.
A fire giant comes into view.
It is wielding a +2 great sword of flaming.
A fire giant is nearby!
A fire giant is nearby!
The daeva shouts!
The fire giant shouts!
The daeva calls down the wrath of the Shining One upon you.
The Shining One smites you!
* * * LOW HITPOINT WARNING * * *
The fire giant casts a spell at you. The bolt of fire hits you!!
You die...

')..#§)#§§§§)..§.§§+
#)..##'#.####.§§§.##
#..)'§.#§#(###§..#####
#####○○§§#'#.###§# ?(##
#..##○####...#y#.##$$$#
§..#....○#...###..###$#
#.§#....°'.....##.#A#$#
##'###○○.#.....#..###$#
##.'.#○..###++##@##..$#
.###)#..## ..###..#+###
|∩##.#..# ##$$ ##.).#
####§##○# #?$ ###C#
..##§##○#


°$○$ #.# ...§§#### $$$○ #.# ####§# $$○$####'# .§§#.# #....# ..#'§# #...#### You
could see a daeva and a fire giant.

Vanquished Creatures
  A fire giant (D)
  A lorocyproca (D)
  2 centaur warriors (D)
  A deep troll (D)
  A lindwurm (D)
  An oklob plant (D)
  8 shining eyes (D)
  A gargoyle (D)
  2 kobold demonologists (D)
  7 unseen horrors (D)
  4 demonic crawlers (D)
  A hornet (D)
  A slime creature (D)
  Sigmund (D)
  13 hogs (D)
  A yak (D)
  2 redbacks (D)
  A naga (D)
  6 floating eyes (D)
  An ogre (D)
  7 necrophages (D)
  8 jellies (D)
  Ijyb (D)
  A ballistomycete spore (D)
73 creatures vanquished.

Vanquished Creatures (others)
  A ballistomycete spore (D)
1 creature vanquished.

Grand Total: 74 creatures vanquished

Notes
Turn   | Place    | Note
-------+----------+-------------------------------------------
     0 | D        | Zeld the Minotaur Berserker began the quest for the Orb.
     0 | D        | Reached XP level 1. HP: 19/19 MP: 0/0
     1 | D        | Noticed Ijyb
     7 | D        | Killed Ijyb
     8 | D        | Reached skill level 5 in Axes
     8 | D        | Reached XP level 2. HP: 28/28 MP: 1/1
    35 | D        | Noticed an ogre
    49 | D        | Killed an ogre
    50 | D        | Reached skill level 7 in Axes
    50 | D        | Reached skill level 5 in Armour
    50 | D        | Reached XP level 3. HP: 36/37 MP: 2/2
    50 | D        | Reached XP level 4. HP: 43/44 MP: 3/3
   276 | D        | Noticed Sigmund
   282 | D        | Killed Sigmund
   282 | D        | Reached ** piety under Trog
   283 | D        | Reached skill level 10 in Axes
   283 | D        | Reached XP level 5. HP: 52/52 MP: 4/4
   358 | D        | Found a burning altar of Makhleb.
   358 | D        | Found a viscous altar of Jiyva.
   358 | D        | Found a shimmering altar of Xom.
   358 | D        | Found a corrupted altar of Lugonu.
   358 | D        | Noticed a slime creature
   362 | D        | Killed a slime creature
   363 | D        | Reached skill level 11 in Axes
   363 | D        | Reached XP level 6. HP: 62/62 MP: 5/5
   513 | D        | Noticed a kobold demonologist
   513 | D        | Noticed a floating eye
   513 | D        | Noticed a kobold demonologist
   517 | D        | Killed a floating eye
   518 | D        | Reached skill level 12 in Axes
   518 | D        | Reached XP level 7. HP: 70/70 MP: 6/6
   522 | D        | Killed a kobold demonologist
   523 | D        | Reached skill level 13 in Axes
   524 | D        | Noticed an ice devil
   530 | D        | Killed a kobold demonologist
   530 | D        | Reached *** piety under Trog
   531 | D        | Reached skill level 10 in Fighting
   531 | D        | Reached XP level 8. HP: 79/79 MP: 7/7
   759 | D        | Found an ornate altar of the Wu Jian Council.
   759 | D        | Found a shimmering blue altar of Sif Muna.
   761 | D        | Found a radiant altar of Vehumet.
   864 | D        | Found Riahoemm's Assorted Antiques.
   864 | D        | Found an ancient bone altar of Kikubaaqudgha.
   864 | D        | Found a hazy altar of Hepliaklqana.
   864 | D        | Found a hide-covered altar of Uskayaw.
   864 | D        | Found a basalt altar of Yredelemnul.
   864 | D        | Found an opulent altar of Gozag.
   864 | D        | Found a snail-covered altar of Cheibriados.
   864 | D        | Found a sacrificial altar of Ru.
   864 | D        | Found a shadowy altar of Dithmenos.
   868 | D        | Found a stormy altar of Qazlal.
   868 | D        | Found a blossoming altar of Fedhas.
   868 | D        | Found a bloodstained altar of Trog.
   868 | D        | Found an iron altar of Okawaru.
   868 | D        | Found a glowing golden altar of the Shining One.
   868 | D        | Found a glowing silver altar of Zin.
   868 | D        | Found a white marble altar of Elyvilon.
   876 | D        | Reached **** piety under Trog
   877 | D        | Reached skill level 14 in Axes
   877 | D        | Reached skill level 10 in Armour
   878 | D        | Found a sparkling altar of Nemelex Xobeh.
   954 | D        | Bought a potion of heal wounds for 115 gold pieces
   954 | D        | Bought a smoky golden potion for 20 gold pieces
   954 | D        | Bought a scroll labelled IZUUCK ES TEDI for 23 gold pieces
   954 | D        | Bought a scroll labelled NUSUIH KERRU for 23 gold pieces
   954 | D        | Bought a scroll labelled SAROSI VUDE for 23 gold pieces
   954 | D        | Bought an embroidered cloak for 172 gold pieces
   991 | D        | Noticed Sonja
   992 | D        | Noticed Sonja
   992 | D        | Sonja changed into Sonja the naga
  1008 | D        | Killed Sonja the naga
  1523 | D        | Found Siviejox's Antique Weapon Boutique.
  1543 | D        | Noticed a deep troll
  1553 | D        | Killed a deep troll
  1554 | D        | Reached skill level 15 in Axes
  1554 | D        | Reached skill level 10 in Dodging
  1652 | D        | Found Ypniod's Armour Emporium.
  1720 | D        | Noticed a centaur warrior
  1720 | D        | Noticed a centaur warrior
  1727 | D        | Killed a centaur warrior
  1728 | D        | Reached skill level 16 in Axes
  1728 | D        | Reached XP level 9. HP: 90/90 MP: 8/8
  1731 | D        | Killed a centaur warrior
  1900 | D        | Reached skill level 17 in Axes
  2169 | D        | Noticed an oklob plant
  2180 | D        | Killed an oklob plant
  2303 | D        | Reached ***** piety under Trog
  2304 | D        | Reached XP level 10. HP: 84/101 MP: 9/9
  2617 | D        | Reached skill level 18 in Axes
  2632 | D        | Reached ****** piety under Trog
  2698 | D        | Found Visetel's Distillery.
  2728 | D        | Received a gift from Trog
  2773 | D        | Found Fuig's Distillery.
  2774 | D        | Found Aqutar's Book Emporium.
  2774 | D        | Found Biaggutilu's Distillery.
  2775 | D        | Found Penegh's Jewellery Emporium.
  2782 | D        | Identified the +6 trident "Xuggeidd" {distort, rF+}
  2789 | D        | Found Soxoh's General Store.
  2791 | D        | Found Suafuikepn's Antique Armour Emporium.
  2791 | D        | Found Plog's Book Shop.
  2791 | D        | Found Doul's Antique Armour Shoppe.
  2791 | D        | Found Woelyc's Jewellery Boutique.
  2791 | D        | Found Daopn's Assorted Antiques.
  2791 | D        | Found Hyboruor's Magic Scroll Shop.
  2791 | D        | Found Piroschawk's Weapon Shoppe.
  2793 | D        | Bought a scroll of poison for 44 gold pieces
  2793 | D        | Bought a scroll of acquirement for 572 gold pieces
  2793 | D        | Bought a scroll of poison for 44 gold pieces
  2794 | D        | Bought 2 potions of mutation for 160 gold pieces
  2794 | D        | Bought a potion of invisibility for 80 gold pieces
  2794 | D        | Bought a potion of curing for 30 gold pieces
  2794 | D        | Bought a potion of heal wounds for 50 gold pieces
  2794 | D        | Bought a potion of haste for 100 gold pieces
  2794 | D        | Bought 2 potions of heal wounds for 100 gold pieces
  2794 | D        | Bought a potion of heal wounds for 50 gold pieces
  2795 | D        | Bought 2 potions of curing for 72 gold pieces
  2795 | D        | Bought a potion of ambrosia for 96 gold pieces
  2795 | D        | Bought a potion of ambrosia for 96 gold pieces
  2795 | D        | Bought a potion of curing for 36 gold pieces
  2797 | D        | Acquired 592 gold pieces
  2803 | D        | Bought a potion of resistance for 120 gold pieces
  2803 | D        | Bought a potion of mutation for 96 gold pieces
  2803 | D        | Bought a potion of mutation for 96 gold pieces
  2803 | D        | Found Rakouh's General Store.
  2807 | D        | Bought a ring of see invisible for 165 gold pieces
  2808 | D        | Bought a scroll labelled APUICRINKIO for 28 gold pieces
  2808 | D        | Bought a bubbling puce potion for 25 gold pieces
  2808 | D        | Bought a white potion for 25 gold pieces
  2809 | D        | Bought a scroll of identify for 24 gold pieces
  2809 | D        | Bought a scroll of identify for 24 gold pieces
  2890 | D        | Received a gift from Trog
  2893 | D        | Reached skill level 19 in Axes
  2896 | D        | Noticed a gargoyle
  2900 | D        | Killed a gargoyle
  3163 | D        | Noticed a lindwurm
  3168 | D        | Killed a lindwurm
  3234 | D        | Received a gift from Trog
  3240 | D        | Reached skill level 20 in Axes
  3245 | D        | Reached XP level 11. HP: 80/111 MP: 3/10
  3250 | D        | Received a gift from Trog
  3252 | D        | Reached skill level 15 in Fighting
  3302 | D        | Noticed a daeva
  3317 | D        | Reached skill level 15 in Armour
  3593 | D        | Noticed a lorocyproca
  3611 | D        | Killed a lorocyproca
  3612 | D        | Reached skill level 21 in Axes
  3867 | D        | Noticed a shining eye
  3867 | D        | Noticed a shining eye
  3867 | D        | Noticed a shining eye
  3867 | D        | Noticed a shining eye
  3867 | D        | Noticed a shining eye
  3867 | D        | Noticed a shining eye
  3867 | D        | Gained mutation: Your spells are a little easier to cast,
                  | but a little less powerful. [a shining eye]
  3869 | D        | Received a gift from Trog
  3869 | D        | Gained mutation: You have hidden genetic defects. [a
                  | shining eye]
  3870 | D        | Gained mutation: You sometimes lose your temper in combat.
                  | [a shining eye]
  3870 | D        | Gained mutation: Your spells are easier to cast, but less
                  | powerful. [a shining eye]
  3872 | D        | Gained mutation: You are weak. (Str -2) [a shining eye]
  3872 | D        | Gained mutation: You are clumsy. (Dex -2) [a shining eye]
  3873 | D        | Killed a shining eye
  3875 | D        | Killed a shining eye
  3876 | D        | Paralysed by a floating eye for 3 turns
  3878 | D        | Gained mutation: You occasionally shout uncontrollably at
                  | your foes. [a shining eye]
  3881 | D        | Gained mutation: Your spells are much easier to cast, but
                  | much less powerful. [a shining eye]
  3882 | D        | Killed a shining eye
  3882 | D        | Received a gift from Trog
  3883 | D        | Killed a shining eye
  3883 | D        | Gained mutation: You occasionally lose the ability to read
                  | scrolls when taking damage. [a shining eye]
  3885 | D        | Killed a shining eye
  3885 | D        | Gained mutation: You are frail. (-10% HP) [hidden defects]
  3887 | D        | Killed a shining eye
  3888 | D        | Reached skill level 22 in Axes
  3892 | D        | Noticed a shining eye
  3892 | D        | Noticed a shining eye
  3900 | D        | Killed a shining eye
  3901 | D        | Reached skill level 15 in Dodging
  3902 | D        | Gained mutation: You sometimes lose the ability to read
                  | scrolls when taking damage. [a shining eye]
  3905 | D        | Killed a shining eye
  3940 | D        | Found Dogg's Book Shop.
  3940 | D        | Found Pofuet's Weapon Shoppe.
  3940 | D        | Found Zeifeeta's Magic Scroll Boutique.
  3940 | D        | Found Wyjaiw's Armour Emporium.
  4049 | D        | Bought a scroll of blinking for 75 gold pieces
  4049 | D        | Bought a scroll of enchant armour for 75 gold pieces
  4049 | D        | Bought a scroll of identify for 20 gold pieces
  4049 | D        | Bought a scroll of poison for 40 gold pieces
  4400 | D        | Noticed a fire giant
  4418 | D        | Killed a fire giant
  4418 | D        | Received a gift from Trog
  4425 | D        | Noticed a fire giant
  4426 | D        | HP: 5/104 [daeva/divine providence (11)]
  4426 | D        | Killed from afar by a fire giant

Illustrated notes

Levels and vault maps discovered:
D:        dungeon_sprint_1 [red_sonja_temple_1, red_sonja_temple_small_1]

Skill      XL: |  1  2  3  4  5  6  7  8  9 10 11 |
---------------+----------------------------------+-----
Fighting       | 4 6 7 8 9 10 12 13 14 16 | 16.8
Axes           | 5 7 10 11 12 13 16 17 20 22 | 22.7
Armour         | 3 5 7 8 9 11 12 14 16 | 16.6
Dodging        | 3 4 6 7 9 10 11 13 15 | 15.3

Action                   |  1- 3 |  4- 6 |  7- 9 | 10-12 || total
-------------------------+-------+-------+-------+-------++-------
Melee: Hand axe          |     6 |     9 |    98 |    91 ||   204
       Headbutt          |     2 |     3 |    14 |    42 ||    61
       Punch             |       |       |     2 |       ||     2
       Battleaxe         |       |       |       |    49 ||    49
       Executioner's axe |       |       |       |    46 ||    46
Invok: Berserk           |     2 |     3 |     3 |     3 ||    11
       Trog's Hand       |       |       |     1 |     1 ||     2
Evoke: Wand              |       |       |     1 |       ||     1
  Use: Scroll            |       |       |       |     7 ||     7
 Stab: Sleeping          |       |       |     1 |       ||     1
Armor: Troll leather arm |       |       |    16 |    62 ||    78
       Animal skin       |       |       |     5 |       ||     5
Dodge: Dodged            |     4 |     2 |    34 |    95 ||   135
